 Dungeon Crawl Stone Soup version 0.27-a0-899-ge2d0b17c59 (webtiles) character file.

Game seed: 12223647609628949751

888 heikuro the Chopper (level 8, 30/63 HPs)
             Began as a Formicid Abyssal Knight on Feb 9, 2021.
             Was a Priest of Lugonu.
             Quit the game on level 5 of the Dungeon on Apr 5, 2021.
             The game lasted 00:12:08 (6244 turns).

heikuro the Chopper (Formicid Abyssal Knight)       Turns: 6244, Time: 00:12:09

Health: 30/63      AC: 13    Str: 20    XL:     8   Next: 26%
Magic:  11/11      EV:  8    Int: 13    God:    Lugonu [***...]
Gold:   217        SH:  0    Dex: 10    Spells: 7/7 levels left

rFire    . . .     SeeInvis +   d - +0 war axe
rCold    . . .     Faith    .   (no shield)
rNeg     . . .     Spirit   .   l - +0 chain mail
rPois    .         Reflect  .   (helmet unavailable)
rElec    +         Harm     .   (no cloak)
rCorr    .         Rampage  .   (no gloves)
Will     .....                  f - +1 pair of boots
Stlth    ..........             (no amulet)
HPRegen  0.20/turn              (no ring)
MPRegen  0.12/turn              (no ring)

@: quite poisoned (30 -> 15)
A: permanent stasis, dig shafts and tunnels, antennae 3, four strong arms,
molten scales 1, electricity resistance, strong 1
a: Dig, Shaft Self, Renounce Religion, Depart the Abyss, Bend Space, Banish


You were on level 5 of the Dungeon.
You worshipped Lugonu.
Lugonu was most pleased with you.
You visited 1 branch of the dungeon, and saw 5 of its levels.
You visited the Abyss 1 time.

You collected 217 gold pieces.

Inventory:

Hand Weapons
 d - a +0 war axe (weapon)
 e - a +0 trident of protection
Missiles
 b - 7 poisoned darts (quivered)
 i - a throwing net
Armour
 f - a +1 pair of boots (worn)
 l - a +0 chain mail (worn)
Jewellery
 o - a ring of protection from fire {unknown}
 s - a +4 ring of protection {unknown}
Scrolls
 h - 2 scrolls of removedness
 k - 2 scrolls of removedness
 q - a scroll of identify
Potions
 a - a potion of brilliance
 c - 4 potions of curing
 g - a potion of cancellation
 j - 2 potions of magic
 m - a potion of invisibility {unknown}
 p - 2 potions of heal wounds
 r - a potion of attraction


   Skills:
 + Level 5.5 Fighting
 * Level 5.9 Axes
 + Level 4.7 Armour
 - Level 1.0 Dodging
 + Level 5.0 Invocations


You had 7 spell levels left.
You didn't know any spells.
Your spell library was empty.

Dungeon Overview and Level Annotations

Branches:
Dungeon (5/15)
 Temple: D:4-7

Altars:
Fedhas
Hepliaklqana
Okawaru
Trog
Yredelemnul
Zin


Innate Abilities, Weirdness & Mutations

You cannot be hasted, slowed, berserked, paralysed or teleported.
You can dig through walls and to a lower floor.
You have a pair of large antennae on your head. (SInv)
Your four strong arms can wield two-handed weapons with a shield.
You are partially covered in molten scales. (AC +2)
You are resistant to electric shocks. (rElec)
Your muscles are strong. (Str +2)


Message History

You feel very sick. The water moccasin bites you.
The water moccasin bites you but does no damage.
You miss the water moccasin. You miss the adder.
You feel sick. The adder bites you but does no damage.
The water moccasin completely misses you.
The adder bites you but does no damage.
You closely miss the water moccasin. You closely miss the adder.
You feel sick.
The water moccasin bites you but does no damage.
The adder bites you but does no damage. The water moccasin bites you.
You are more poisoned.
The water moccasin poisons you!
You hit the water moccasin.
The water moccasin is lightly wounded.
You hit the adder but do no damage.
You feel very sick. The adder bites you but does no damage.
The water moccasin barely misses you. The adder barely misses you.
The water moccasin bites you but does no damage.
You hit the water moccasin.
The water moccasin is moderately wounded.
You closely miss the adder.
You feel very sick. The water moccasin bites you.
You are more poisoned.
The water moccasin poisons you! The adder closely misses you.
You miss the water moccasin.
The water moccasin is moderately wounded.
You barely miss the adder.
You feel very sick. The water moccasin barely misses you.
The adder barely misses you. The water moccasin closely misses you.
The adder closely misses you.
You are too injured to fight recklessly!
You are too injured to fight recklessly!
You are too injured to fight recklessly!
You are too injured to fight recklessly!
Unknown command.
You are too injured to fight recklessly!
Unknown command.
Are you sure you want to abandon this character and quit the game? (Confirm with "yes".)

.### ...## { .#...##
####...#####
#..###.....###
#....##.##...###
.....#..#..#...###
....##.##.####.SS####.#
##.....#.. ###@.....#
.####.##S# ##.##.##
...#..#.. .# ##...##.#
## ###.#.. ### { {


You could see a water moccasin and an adder.

Vanquished Creatures
  An ice beast (D:3)
  3 ogres
  A scorpion (D:5)
  A howler monkey (D:4)
  An orc priest (D:4)
  2 hounds
  An orc wizard (D:4)
  5 removed worker ants
  A hound skeleton (D:4)
  A gnoll (D:1)
  8 adders
  A worm (D:3)
  8 dart slugs
  15 orcs
  A removed leopard gecko (D:4)
  12 bats
  3 giant cockroaches
  14 hobgoblins
  2 quokkas
  8 frilled lizards
  9 goblins
  15 kobolds
  8 rats
  A spectral orc (D:4)
122 creatures vanquished.

Vanquished Creatures (others)
  3 plants
3 creatures vanquished.

Grand Total: 125 creatures vanquished

Notes
Turn   | Place    | Note
-------+----------+-------------------------------------------
     0 | Abyss:1  | heikuro the Formicid Abyssal Knight began the quest for the
                  | Orb.
     0 | Abyss:1  | Reached XP level 1. HP: 18/18 MP: 2/2
    32 | Abyss:1  | Noticed a tentacled starspawn
    33 | D:1      | Escaped the Abyss
   332 | D:1      | Reached skill level 1 in Dodging
   366 | D:1      | Reached * piety under Lugonu
   367 | D:1      | Reached XP level 2. HP: 24/24 MP: 3/3
   555 | D:1      | Reached XP level 3. HP: 17/29 MP: 4/4
   797 | D:1      | Gained mutation: Your muscles are strong. (Str +2) [potion
                  | of mutation]
   797 | D:1      | Gained mutation: You are resistant to electric shocks.
                  | (rElec) [potion of mutation]
   797 | D:1      | Gained mutation: You are partially covered in molten
                  | scales. (AC +2) [potion of mutation]
  1701 | D:2      | Reached XP level 4. HP: 37/37 MP: 6/6
  1809 | D:2      | Found a glowing silver altar of Zin.
  2161 | D:2      | Reached ** piety under Lugonu
  2983 | D:3      | Reached XP level 5. HP: 36/42 MP: 7/7
  3658 | D:3      | Found a bloodstained altar of Trog.
  3854 | D:4      | Noticed an ogre
  3981 | D:3      | Reached XP level 6. HP: 25/49 MP: 8/8
  4230 | D:4      | Noticed an ice beast
  4240 | D:3      | Killed an ice beast
  4298 | D:4      | Noticed an ogre
  4545 | D:3      | Reached XP level 7. HP: 48/55 MP: 8/10
  4663 | D:4      | Reached *** piety under Lugonu
  5062 | D:4      | HP: 1/55 [ogre/cursed -1 giant club (16)]
  5068 | D:4      | Reached skill level 5 in Fighting
  5068 | D:4      | Reached skill level 5 in Axes
  5722 | D:4      | Upgraded the game from 0.27-a0-287-gd4424db430 to
                  | 0.27-a0-899-ge2d0b17c59
  5730 | D:4      | Found a basalt altar of Yredelemnul.
  5918 | D:5      | Entered Level 5 of the Dungeon
  5926 | D:5      | Reached XP level 8. HP: 25/62 MP: 11/11
  6146 | D:5      | Found a blossoming altar of Fedhas.
  6156 | D:5      | Reached skill level 5 in Invocations
  6157 | D:5      | Found an iron altar of Okawaru.
  6157 | D:5      | Found a hazy altar of Hepliaklqana.
  6244 | D:5      | Quit the game

Illustrated notes

Levels and vault maps discovered:
D:1:      dpeg_cavernosity, layout_basic, bh_walls_and_bars
D:2:      layout_basic, old_standard_altar
D:3:      layout_basic, lemuel_round_altar, serial_bayou_crossing
D:4:      kennysheep_slugbush, layout_basic, yredelemnul_forgotten_temple_becter
D:5:      minmay_skewed_foursquare, layout_loops_ring, kennysheep_mini_moat,
          grunt_temple_overflow_open, minmay_temple_entry_gardened_gates,
          gup_sewer_entry_bubbles

Skill      XL: |  1  2  3  4  5  6  7  8 |
---------------+-------------------------+-----
Dodging        | 1 |  1.0
Axes           | 3 4 5 |  5.9
Invocations    | 3 4 5 |  5.0
Armour         | 3 4 |  4.7
Fighting       | 4 5 |  5.5

Action                   |  1- 3 |  4- 6 |  7- 9 || total
-------------------------+-------+-------+-------++-------
Melee: Hand axe          |    97 |   180 |       ||   277
       War axe           |       |    31 |   115 ||   146
Throw: Dart              |       |    11 |     6 ||    17
Invok: Depart the Abyss  |     1 |       |       ||     1
       Bend Space        |       |     3 |     3 ||     6
 Abil: Dig               |     2 |     1 |     3 ||     6
  Use: Scroll            |     3 |     5 |     5 ||    13
       Potion            |     1 |       |     2 ||     3
Armor: Leather armour    |    31 |    35 |       ||    66
       Chain mail        |       |   102 |    81 ||   183
Dodge: Dodged            |    73 |    91 |    64 ||   228

Table legend: (Time is in decaauts)
 A = Elapsed time spent in this place.
 B = Non-inter-level travel time spent in this place.
 C = Inter-level travel time spent in this place.
 D = Time resting spent in this place.
 E = Time spent auto-exploring this place.
 F = Levels seen in this place.
 G = Mean time per level.
                   A        B        C        D        E       F      G
               +--------+--------+--------+--------+--------+-----+--------+
         Total |   6358 |   6018 |    340 |   1970 |   2324 |   6 | 1059.7 |
       Dungeon |   6325 |   5985 |    340 |   1970 |   2324 |   5 | 1265.0 |
         Abyss |     33 |     33 |      0 |      0 |      0 |   1 |   33.0 |
               +--------+--------+--------+--------+--------+-----+--------+

Top non-repeatable levels by time:
     D:3: 1986 daAuts
     D:1: 1667 daAuts
     D:2: 1286 daAuts
     D:4: 1234 daAuts
     D:5: 150 daAuts
 Abyss:1: 33 daAuts
